 Dungeon Crawl Stone Soup version 0.28-b1-25-g9875b3fc8c (webtiles) character file.

Game seed: 17117583792629621466

49 DildoBatman the Conjurer (level 4, -14/30 HPs)
             Began as a Formicid Conjurer on Feb 1, 2022.
             Demolished by an ogre (15 damage)
             ... on level 4 of the Dungeon.
             The game lasted 00:02:50 (1212 turns).

DildoBatman the Conjurer (Formicid Conjurer)        Turns: 1212, Time: 00:02:51

Health: -14/30     AC:  2    Str: 12    XL:     4   Next: 2%
Magic:  1/7        EV: 12    Int: 17    God:
Gold:   35         SH:  0    Dex: 11    Spells: 4/7 levels left

rFire   . . .      SeeInvis +   f - +0 mace
rCold   . . .      Faith    .   (no shield)
rNeg    . . .      Spirit   .   a - +0 robe
rPois   .          Reflect  .   (helmet unavailable)
rElec   .          Harm     .   (no cloak)
rCorr   .          Rampage  .   (no gloves)
Will    .....                   (no boots)
Stlth   ++........              (no amulet)
HPRegen 0.10/turn               (no ring)
MPRegen 0.10/turn               (no ring)

@: no status effects
A: permanent stasis, dig shafts and tunnels, antennae 3, four strong arms
a: Dig, Shaft Self


You were on level 4 of the Dungeon.
You visited 1 branch of the dungeon, and saw 3 of its levels.

You collected 35 gold pieces.

Inventory:

Hand Weapons
 f - a +0 mace (weapon)
Missiles
 d - 18 sling bullets
 i - 27 stones
Armour
 a - a +0 robe (worn)
Scrolls
 c - a scroll of enchant armour {unknown}
 e - a scroll of fear {unknown}
 g - a scroll of teleportation {unknown}
 h - 3 scrolls of identify {unknown}
 j - a scroll of magic mapping {unknown}
Potions
 b - 2 potions of degeneration {unknown}


   Skills:
 - Level 1.7 Dodging
 - Level 2.4 Stealth
 - Level 2.1 Spellcasting
 * Level 4.8 Conjurations


You had 4 spell levels left.
You knew the following spells:

 Your Spells              Type           Power      Damage    Failure   Level
a - Searing Ray           Conj           36%        2d5       3%          2
c - Magic Dart            Conj           72%        1d6       2%          1

Your spell library contained the following spells:

 Spells                   Type           Power      Damage    Failure   Level
 Dazzling Flash           Conj/Hex       20%        N/A       22%         3
 Fulminant Prism          Conj/Hex       5%         3d7       56%         4
 Iskenderun's Mystic Bla  Conj/Tloc      10%        2d4       56%         4


Dungeon Overview and Level Annotations

Branches:
Dungeon (2/15)

Altars:


Innate Abilities, Weirdness & Mutations

You cannot be hasted, slowed, berserked, paralysed or teleported.
You can dig through walls and to a lower floor.
You have a pair of large antennae on your head. (SInv)
Your four strong arms can wield two-handed weapons with a shield.


Message History

What are your orders? t - Shout!
Orders for allies: a - Attack new target. r - Retreat! s - Stop attacking. g - Guard the area. f - Follow me.
Anything else - Cancel.
You shout for attention!
What are your orders? t - Shout!
Orders for allies: a - Attack new target. r - Retreat! s - Stop attacking. g - Guard the area. f - Follow me.
Anything else - Cancel.
You shout for attention!
What are your orders? t - Shout!
Orders for allies: a - Attack new target. r - Retreat! s - Stop attacking. g - Guard the area. f - Follow me.
Anything else - Cancel.
You shout for attention!
The ogre barely misses you. What are your orders? t - Shout!
Orders for allies: a - Attack new target. r - Retreat! s - Stop attacking. g - Guard the area. f - Follow me.
Anything else - Cancel.
You shout for attention!
The ogre hits you with a +0 giant club! What are your orders? t - Shout!
Orders for allies: a - Attack new target. r - Retreat! s - Stop attacking. g - Guard the area. f - Follow me.
Anything else - Cancel.
You shout for attention!
The ogre hits you with a +0 giant club!
Ouch! That really hurt!
You die... .# .# .# .# .# .# ##.#####O# .[.....@.# ########## {

You could see an ogre.

Vanquished Creatures
  2 adders (D:2)
  A dart slug (D:1)
  A ball python (D:2)
  A bat (D:2)
  4 endoplasms
  2 goblins (D:1)
  3 hobgoblins (D:1)
  3 jackals (D:1)
  4 kobolds
  A frilled lizard (D:1)
  4 rats (D:1)
26 creatures vanquished.

Notes
Turn   | Place    | Note
-------+----------+-------------------------------------------
     0 | D:1      | DildoBatman the Formicid Conjurer began the quest for the
                  | Orb.
     0 | D:1      | Reached XP level 1. HP: 13/13 MP: 3/3
   390 | D:1      | Reached XP level 2. HP: 19/19 MP: 0/5
   399 | D:1      | Reached skill level 4 in Conjurations
   402 | D:1      | Learned a level 2 spell: Searing Ray
   684 | D:1      | Reached XP level 3. HP: 11/24 MP: 3/6
  1203 | D:2      | Reached XP level 4. HP: 11/30 MP: 0/7
  1205 | D:2      | You fall into a shaft and drop 2 floors!
  1205 | D:4      | Noticed an ogre
  1211 | D:4      | HP: 1/30 [ogre (8)]
  1212 | D:4      | Demolished by an ogre

Illustrated notes

Levels and vault maps discovered:
D:1:      dpeg_arrival_simpleton_b, layout_basic
D:2:      layout_basic, basic_altar, dreamdust_ecumenical_altar_statues,
          uniq_sigmund, uniq_terence
D:4:      layout_loops_ring

Skill      XL: |  1  2 |
---------------+-------+-----
Conjurations   | 4 |  4.8
Dodging        | |  1.7
Stealth        | |  2.4
Spellcasting   | |  2.1

Action                   |  1- 3 |  4- 6 || total
-------------------------+-------+-------++-------
Melee: Mace              |    24 |       ||    24
       Punch             |     1 |       ||     1
 Cast: Magic Dart        |    25 |       ||    25
       Searing Ray       |     8 |       ||     8
 Abil: Shaft Self        |       |     1 ||     1
 Stab: Sleeping          |     2 |       ||     2
Armor: Robe              |     6 |       ||     6
Dodge: Dodged            |    23 |     1 ||    24
